 Dungeon Crawl Stone Soup version 0.27.0-1-g7a089689b8 (webtiles) character file.

Game seed: 14882647411511073636

42 SnakkuSnakku7 the Chucker (level 3, -1/28 HPs)
             Began as a Draconian Arcane Marksman on Aug 7, 2021.
             Slain by an adder (2 damage)
             ... on level 2 of the Dungeon.
             The game lasted 00:01:26 (1599 turns).

SnakkuSnakku7 the Chucker (DrAM)                    Turns: 1599, Time: 00:01:27

Health: -1/28      AC:  5    Str: 12    XL:     3   Next: 35%
Magic:  4/4        EV: 12    Int: 13    God:
Gold:   45         SH:  0    Dex: 12    Spells: 3/4 levels left

rFire    . . .     SeeInvis .   c - +0 dagger
rCold    . . .     Faith    .   (no shield)
rNeg     . . .     Spirit   .   (armour unavailable)
rPois    .         Reflect  .   (helmet restricted)
rElec    .         Harm     .   (no cloak)
rCorr    .         Rampage  .   (no gloves)
Will     .....                  (no boots)
Stlth    +.........             (no amulet)
HPRegen  0.09/turn              (no ring)
MPRegen  0.09/turn              (no ring)

@: no status effects
A: AC +5, unfitting armour, cold-blooded
a: no special abilities


You were on level 2 of the Dungeon.
You visited 1 branch of the dungeon, and saw 2 of its levels.

You collected 45 gold pieces.

Inventory:

Hand Weapons
 c - a +0 dagger (weapon)
Missiles
 b - a throwing net (quivered)
Scrolls
 d - 2 scrolls of identify {unknown}
 f - a scroll of fog {unknown}
Potions
 e - 2 potions of invisibility {unknown}


   Skills:
 - Level 1.1 Fighting
 + Level 3.5 Throwing
 - Level 1.7 Dodging
 - Level 1.0 Spellcasting
 - Level 2.6 Hexes


You had 3 spell levels left.
You knew the following spells:

 Your Spells              Type           Power      Damage    Failure   Level
a - Corona                Hex            7%         N/A       10%         1

Your spell library contained the following spells:

 Spells                   Type           Power      Damage    Failure   Level
 Slow                     Hex            7%         N/A       14%         2
 Summon Small Mammal      Summ           0%         N/A       28%         1
 Inner Flame              Hex/Fire       4%         N/A       43%         3
 Portal Projectile        Hex/Tloc       8%         N/A       43%         3
 Summon Guardian Golem    Hex/Summ       4%         N/A       43%         3
 Call Canine Familiar     Summ           0%         N/A       63%         3
 Cause Fear               Hex            3%         N/A       67%         4


Dungeon Overview and Level Annotations

Branches:
Dungeon (2/15)

Altars:


Innate Abilities, Weirdness & Mutations

Your plain brown scales are hard. (AC +5)
You cannot fit into any form of body armour.
You are cold-blooded and may be slowed by cold attacks.


Message History

The adder closely misses you. The adder barely misses you.
You closely miss the adder.
The adder is lightly wounded.
The adder bites you.
You are poisoned.
The adder poisons you!
You hit the adder.
The adder is moderately wounded.
You feel sick. The adder closely misses you.
You miss the adder.
The adder is moderately wounded.
You feel sick. The adder closely misses you.
You closely miss the adder.
The adder is moderately wounded.
You feel sick. The adder bites you.
* * * LOW HITPOINT WARNING * * *
The adder bites you but does no damage.
You barely miss the adder.
The adder is moderately wounded.
You feel sick. The adder bites you.
* * * LOW HITPOINT WARNING * * *
You barely miss the adder.
The adder is moderately wounded.
You feel sick.
You are no longer poisoned.
The adder bites you.
* * * LOW HITPOINT WARNING * * *
You closely miss the adder.
The adder is moderately wounded.
The adder misses you. The adder completely misses you.
You hit the adder but do no damage.
The adder is moderately wounded.
The adder closely misses you.
You closely miss the adder.
The adder is moderately wounded.
The adder bites you but does no damage.
You miss the adder.
The adder is moderately wounded.
The adder bites you.
You die...

############ ##...#...##
..b.....P ###
##############.#########.
.......................r.
##############...........
..Pb....P ##...†......
##.PP#...## ##.#####...
######### #@# #S### #r(.#
#.#######.#.##
#........(#..##
############..####... .P
###......# ## ##r.......#
#######..####.....


You could see an adder and a quokka.

Vanquished Creatures
  An adder (D:2)
  A dart slug (D:1)
  2 endoplasms (D:1)
  A giant cockroach (D:1)
  7 goblins (D:1)
  5 hobgoblins (D:1)
  2 quokkas
  4 ball pythons
  A bat (D:1)
  3 frilled lizards (D:1)
  A rat (D:2)
28 creatures vanquished.

Notes
Turn   | Place    | Note
-------+----------+-------------------------------------------
     0 | D:1      | SnakkuSnakku7 the Draconian Arcane Marksman began the quest
                  | for the Orb.
     0 | D:1      | Reached XP level 1. HP: 16/16 MP: 2/2
   198 | D:1      | Reached skill level 2 in Throwing
   342 | D:1      | Reached XP level 2. HP: 14/23 MP: 3/3
   771 | D:1      | Reached skill level 3 in Throwing
  1049 | D:1      | Reached XP level 3. HP: 28/28 MP: 4/4
  1595 | D:2      | HP: 1/28 [adder (2)]
  1599 | D:2      | Slain by an adder

Illustrated notes

Levels and vault maps discovered:
D:1:      dpeg_arrival_three_same_balls, layout_basic, palyth_stone_intersect
D:2:      layout_rooms, serial_shops, nicolae_square_shop, serial_aquarium,
          aquarium_bridge_long_separate [aquarium_subvault_wall,
          aquarium_subvault_bridge, aquarium_subvault_window,
          aquarium_subvault_bridge, aquarium_subvault_bridge,
          aquarium_subvault_wall], aquarium_window_1, aquarium_window_1,
          aquarium_window_corridor_1, aquarium_window_1, aquarium_view_2b,
          aquarium_pool_1

Skill      XL: |  1  2 |
---------------+-------+-----
Throwing       | 2 3 |  3.5
Fighting       | |  1.1
Dodging        | |  1.7
Spellcasting   | |  1.0
Hexes          | |  2.6

Action                   || total
-------------------------++-------
Melee: Unarmed           ||    14
       Dagger            ||   130
       Tailslap          ||    11
Throw: Javelin           ||     8
       Throwing net      ||     1
Armor: Skin              ||    46
Dodge: Dodged            ||    94
